 Dungeon Sprint DCSS version 0.31.0-12-g77e489cdc1 (webtiles) character file.

Game seed: 7343183706511256523

1988 boopmooplesden the Bludgeoner (level 9, 0/141 HPs)
             Began as a Minotaur Berserker on Feb 19, 2024.
             Was a High Priest of Trog.
             Slain by an eight-headed hydra (4 damage)
             ... while petrified by a catoblepas
             ... in the Dungeon (Sprint IX: "|||||||||||||||||||||||||||||").
             The game lasted 00:01:20 (449 turns).

boopmooplesden the Bludgeoner (Minotaur Berserker)   Turns: 449, Time: 00:01:20

Health: 0/141      AC: 10    Str: 27    XL:     9   Next: 1%
Magic:  8/8        EV:  2    Int:  4    God:    Trog [*****.]
Gold:   0          SH:  0    Dex: 12    Spells: 8/8 levels left

rFire   . . .        l - +2 morningstar (heavy)
rCold   . . .        (no shield)
rNeg    + + +        n - +1 scale mail
rPois   ∞            (helmet restricted)
rElec   .            (no cloak)
rCorr   .            (no gloves)
SInv    .            m - +0 pair of boots
Will    .....        (no amulet) Stlth
                     o - +3 ring of dexterity
HPRegen 0.43/turn    p - +2 ring of evasion
MPRegen 0.11/turn

%: no teleportation
@: berserking, petrified
A: horns 2, retaliatory headbutt
a: Renounce Religion, Berserk, Trog's Hand, Brothers in Arms


You were in the Dungeon.
You worshipped Trog.
Trog was extremely pleased with you.
You visited 1 branch

Inventory:

Hand Weapons
 a - a +0 mace
 l - a +2 heavy morningstar (weapon)
Armour
 b - a +0 animal skin
 i - a +0 leather armour
 m - a +0 pair of boots (worn)
 n - a +1 scale mail (worn)
Jewellery
 o - a +3 ring of dexterity (left hand)
 p - a +2 ring of evasion (right hand)
Wands
 k - a wand of iceblast (10)
Scrolls
 h - 2 scrolls of blinking
Potions
 c - 5 potions of curing
 d - 3 potions of heal wounds
 e - a potion of haste
 f - 4 potions of magic
 g - a potion of berserk rage
 j - a potion of invisibility


   Skills:
 + Level 13.9 Fighting
 + Level 15.8 Maces & Flails
 + Level 9.3 Armour
 + Level 8.5 Dodging
 + Level 0.2 Stealth


You had 8 spell levels left.
You didn't know any spells.
Your spell library was empty.

Dungeon Overview and Level Annotations

Branches:
Dungeon (1/1)

Altars:
Cheibriados
Dithmenos
Elyvilon
Fedhas
Gozag
Hepliaklqana
Kikubaaqudgha
Makhleb
Nemelex Xobeh
Okawaru
Qazlal
Ru
Sif Muna
Trog
Uskayaw
Vehumet
Wu Jian
Xom
Yredelemnul
Zin
The Shining One
Jiyva
Lugonu


Innate Abilities, Weirdness & Mutations

You have a pair of horns on your head.
You reflexively headbutt those who attack you in melee.


Message History

You feel stronger. x2
You are engulfed in calcifying dust.
The meliai calls down the wrath of its god upon you.
Something smites you! The eight-headed hydra bites you! x2
The eight-headed hydra bites you. x2
The eight-headed hydra bites you but does no damage.
The eight-headed hydra bites you. x2; The eight-headed hydra bites you!
* * * LOW HITPOINT WARNING * * *
You are engulfed in calcifying dust.
The eight-headed hydra bites you but does no damage.
The eight-headed hydra bites you.
* * * LOW HITPOINT WARNING * * *
The eight-headed hydra bites you.
* * * LOW HITPOINT WARNING * * *
The eight-headed hydra bites you!
* * * LOW HITPOINT WARNING * * *
The eight-headed hydra bites you. x2
* * * LOW HITPOINT WARNING * * *
The eight-headed hydra bites you!
* * * LOW HITPOINT WARNING * * *
The eight-headed hydra bites you.
* * * LOW HITPOINT WARNING * * *
The eight-headed hydra bites you. The eight-headed hydra bites you!
* * * LOW HITPOINT WARNING * * *
The eight-headed hydra bites you but does no damage.
The eight-headed hydra bites you.
* * * LOW HITPOINT WARNING * * *
The eight-headed hydra bites you but does no damage.
The eight-headed hydra bites you.
* * * LOW HITPOINT WARNING * * *
The eight-headed hydra bites you!
* * * LOW HITPOINT WARNING * * *
The eight-headed hydra bites you.
* * * LOW HITPOINT WARNING * * *
The meliai mumbles some strange prayers to its god against you.
Something smites you!
* * * LOW HITPOINT WARNING * * *
The eight-headed hydra bites you but does no damage.
The eight-headed hydra bites you!
You die...

▓[▓
▓.▓
▓.▓
▓.▓
▓)▓
▓.▓
▓.▓
▓.▓
▓@▓
▓D▓
▓.▓
▓T▓
▓c▓
▓J▓
▓y▓
▓.▓
▓J▓


You could see an eight-headed hydra, a slime creature, a centaur warrior, a
troll (petrified) and a meliai.

Vanquished Creatures
  A catoblepas (D)
  An unseen horror (D)
  A kobold demonologist (D)
  A hornet (D)
  A shadow (D)
  A wyvern (D)
  A yak (D)
  An ice beast (D)
  A hound (D)
  An orc wizard (D)
  An orc (D)
  A goblin (D)
  A quokka (D)
  A ball python (D)
  A frilled lizard (D)
  2 rats (D)
17 creatures vanquished.

Notes
Turn   | Place    | Note
-------+----------+-------------------------------------------
     0 | D        | boopmooplesden the Minotaur Berserker began the quest for
                  | the Orb.
     0 | D        | Reached XP level 1. HP: 19/19 MP: 0/0
    10 | D        | Reached skill level 4 in Maces & Flails
    11 | D        | Reached ** piety under Trog
    26 | D        | Noticed an ice beast
    26 | D        | Noticed an orc wizard
    26 | D        | Noticed a hound
    31 | D        | Killed an ice beast
    32 | D        | Reached skill level 7 in Maces & Flails
    32 | D        | Reached XP level 2. HP: 12/34 MP: 1/1
    32 | D        | Reached XP level 3. HP: 14/39 MP: 2/2
    32 | D        | Reached XP level 4. HP: 17/47 MP: 3/3
    36 | D        | Reached *** piety under Trog
    37 | D        | Reached skill level 8 in Maces & Flails
    40 | D        | Reached XP level 5. HP: 7/55 MP: 4/4
    43 | D        | Reached **** piety under Trog
   211 | D        | Found a snail-covered altar of Cheibriados.
   211 | D        | Found a shadowy altar of Dithmenos.
   211 | D        | Found a white marble altar of Elyvilon.
   211 | D        | Found a blossoming altar of Fedhas.
   211 | D        | Found an opulent altar of Gozag.
   212 | D        | Found a hazy altar of Hepliaklqana.
   213 | D        | Found a viscous altar of Jiyva.
   214 | D        | Found an ancient bone altar of Kikubaaqudgha.
   215 | D        | Found a corrupted altar of Lugonu.
   216 | D        | Found a burning altar of Makhleb.
   217 | D        | Found a sparkling altar of Nemelex Xobeh.
   218 | D        | Found an iron altar of Okawaru.
   219 | D        | Found a stormy altar of Qazlal.
   220 | D        | Found a sacrificial altar of Ru.
   221 | D        | Found a shimmering blue altar of Sif Muna.
   222 | D        | Found a bloodstained altar of Trog.
   223 | D        | Found a hide-covered altar of Uskayaw.
   224 | D        | Found a radiant altar of Vehumet.
   225 | D        | Found an ornate altar of the Wu Jian Council.
   226 | D        | Found a shimmering altar of Xom.
   227 | D        | Found a basalt altar of Yredelemnul.
   228 | D        | Found a glowing silver altar of Zin.
   229 | D        | Found a glowing golden altar of the Shining One.
   278 | D        | Noticed a yak
   278 | D        | Noticed a wyvern
   278 | D        | Noticed a shadow
   278 | D        | Noticed a kobold demonologist
   278 | D        | Noticed a hornet
   283 | D        | Killed a yak
   284 | D        | Reached skill level 10 in Maces & Flails
   284 | D        | Reached skill level 5 in Armour
   284 | D        | Reached skill level 5 in Dodging
   284 | D        | Reached XP level 6. HP: 66/66 MP: 5/5
   284 | D        | Killed a wyvern
   285 | D        | Reached skill level 10 in Fighting
   285 | D        | Reached skill level 11 in Maces & Flails
   287 | D        | Killed a shadow
   288 | D        | Reached skill level 12 in Maces & Flails
   288 | D        | Reached XP level 7. HP: 74/74 MP: 6/6
   289 | D        | Noticed a neqoxec
   294 | D        | Killed an unseen horror
   295 | D        | Reached skill level 13 in Maces & Flails
   296 | D        | Noticed a red devil
   297 | D        | Killed a kobold demonologist
   298 | D        | Reached skill level 14 in Maces & Flails
   298 | D        | Reached XP level 8. HP: 51/85 MP: 7/7
   298 | D        | Killed a hornet
   298 | D        | Reached ***** piety under Trog
   431 | D        | Noticed a catoblepas
   431 | D        | Noticed a troll
   431 | D        | Noticed an eight-headed hydra
   431 | D        | Noticed a centaur warrior
   431 | D        | Noticed a slime creature
   431 | D        | Noticed a meliai
   445 | D        | Killed a catoblepas
   446 | D        | Reached skill level 15 in Maces & Flails
   446 | D        | Reached XP level 9. HP: 62/94 MP: 8/8
   448 | D        | HP: 4/141 [meliai/divine providence (5)]
   449 | D        | Slain by an eight-headed hydra

Illustrated notes

Levels and vault maps discovered:
D:        linesprint [early_d, line_temple, items_1, d_10, items_2, lair_1,
          lair_end, items_3, orc_1, orc_end, items_4, d_15, swamp_1, shoals_1,
          snake_1, spider_1, d_20, vaults_1, items_5, swamp_end, shoals_end,
          snake_end, spider_end, vaults_end, d_27, items_6, zot_1, zot_end,
          crypt_end, forest_end, elf_end, slime_end, tomb_end, abyss_end,
          pan_hell_end]

Skill      XL: |  1  2  3  4  5  6  7  8 |
---------------+-------------------------+-----
Fighting       | 7 8 9 11 12 13 | 13.9
Maces & Flails | 7 8 10 12 14 15 | 15.8
Armour         | 4 5 6 8 9 |  9.3
Dodging        | 3 4 5 6 7 8 |  8.5
Stealth        | |  0.2

Action                     |  1- 3 |  4- 6 |  7- 9 || total
---------------------------+-------+-------+-------++-------
  Melee: Mace              |    20 |    11 |       ||    31
         Headbutt          |     2 |     3 |     2 ||     7
         Punch             |     1 |       |       ||     1
         Morningstar       |       |     8 |    14 ||    22
 Invoke: Berserk           |     1 |     1 |     1 ||     3
 Armour: Animal skin       |     4 |     3 |       ||     7
         Scale mail        |       |     4 |    40 ||    44
  Dodge: Dodged            |    13 |     6 |     8 ||    27
